 Dungeon Crawl Stone Soup version 0.31-a0-544-gceb718ecc6 (webtiles) character file.

Game seed: 4470235515522838885

540602 ragingrage the Slayer (level 25, -1/253 HPs)
             Began as a Hill Orc Hunter on Aug 15, 2023.
             Was the Champion of Fedhas.
             Killed from afar by an orb of fire (45 damage)
             ... with a bolt of fire
             ... on level 2 of the Realm of Zot.
             The game lasted 01:48:22 (69123 turns).

ragingrage the Slayer (Hill Orc Hunter)            Turns: 69123, Time: 01:48:23

Health: -1/253     AC: 28    Str: 16 (18) XL:     25   Next: 97%
Magic:  33/36      EV: 25    Int:  3 (6)  God:    Fedhas [******]
Gold:   3096       SH:  0    Dex: 23 (25) Spells: 24/30 levels left

rFire   + . .        a - +8 longbow (freeze)
rCold   + . .        (shield currently unavailable)
rNeg    . . .        W - +0 swamp dragon scales
rPois   +            A - +2 helmet
rElec   +            D - +2 cloak {rC+}
rCorr   .            v - +2 pair of gloves {Dex+3}
SInv    .            p - +2 pair of boots
Will    ++++.        T - necklace of Bloodlust {Fury *Rage Will++ Int-3 Slay+6}
Stlth   ++++         K - +4 ring of protection
HPRegen 0.62/turn    P - ring of protection from fire
MPRegen 0.25/turn

%: random rage (50%)
@: hasted, studying Summonings, very quick
A: strong-willed 1, electricity resistance
}: 3/15 runes: decaying, abyssal, gossamer
a: Renounce Religion, Wall of Briars, Grow Ballistomycete, Overgrow, Grow Oklob


You were on level 2 of the Realm of Zot.
You worshipped Fedhas.
Fedhas was exalted by your worship.
You visited 10 branches of the dungeon, and saw 44 of its levels.
You visited the Abyss 4 times.
You visited 1 bazaar.
You also visited: Ice Cave and Volcano.

You collected 9003 gold pieces.
You spent 5907 gold pieces at shops.

Inventory:

Hand Weapons
 a - a +8 longbow of freezing (weapon)
Missiles
 L - 5 throwing nets
 Y - 9 curare-tipped darts
Armour
 p - a +2 pair of boots (worn)
 v - a +2 pair of gloves of dexterity (worn)
 A - a +2 helmet (worn)
 D - a +2 cloak of cold resistance (worn)
 W - +0 swamp dragon scales (worn)
Jewellery
 d - a ring of resist corrosion
 w - a +4 ring of protection
 K - a +4 ring of protection (left hand)
 M - a ring of see invisible
 P - a ring of protection from fire (right hand)
 S - the ring "Esao" {rC+ rN+ Will+ Stlth-}
   (You found it on level 3 of the Depths)

   [ring of protection from cold]

   rC+:       It protects you from cold.
   rN+:       It protects you from negative energy.
   Will+:     It increases your willpower.
   Stlth-:    It makes you less stealthy.
 T - the necklace of Bloodlust (around neck) {Fury *Rage Will++ Int-3 Slay+6}
   (You bought it in a shop on level 4 of the Vaults)

   [amulet of nothing]

   Fury:      It extends the wearer's berserk rage when killing foes.
   Int-3:     It affects your intelligence (-3).
   Slay+6:    It affects your accuracy & damage with ranged weapons and melee
   (+6).
   Will++:    It greatly increases your willpower.
   *Rage:     It berserks you when you make melee attacks (+50% chance).
 X - a ring of poison resistance
Wands
 b - a wand of digging (10)
 n - a wand of iceblast (26)
 s - a wand of flame (125)
 x - a wand of paralysis (67)
 B - a wand of polymorph (14)
 E - a wand of acid (32)
 Q - a wand of mindburst (14)
Scrolls
 e - 9 scrolls of fog
 l - a scroll of silence
 o - 5 scrolls of fear
 q - a scroll of summoning
 r - 5 scrolls of teleportation
 u - 8 scrolls of immolation
 y - 10 scrolls of vulnerability
 G - 7 scrolls of poison
 U - 6 scrolls of blinking
 Z - 3 scrolls of revelation
Potions
 f - 24 potions of curing
 h - 4 potions of cancellation
 j - 10 potions of lignification
 k - 8 potions of enlightenment
 m - 6 potions of mutation
 t - 5 potions of might
 z - 5 potions of ambrosia
 C - 5 potions of heal wounds
 H - 2 potions of magic
 J - 5 potions of brilliance
 N - 6 potions of attraction
 O - 2 potions of invisibility
 R - 3 potions of resistance
 V - 9 potions of haste
Miscellaneous
 g - a phantom mirror
 i - a box of beasts
 F - a lightning rod (2/4)
 I - a condenser vane


   Skills:
 - Level 26.0 Fighting
 - Level 23.0 Ranged Weapons
 - Level 11.0 Armour
 * Level 19.1 Dodging
 - Level 8.8 Stealth
 - Level 3.0 Spellcasting
 - Level 3.0 Translocations
 - Level 7.0 Transmutations
 - Level 7.0 Earth Magic
 - Level 19.0 Invocations
 - Level 15.2 Evocations


You had 24 spell levels left.
You knew the following spells:

 Your Spells              Type           Power      Damage    Failure   Level
a - Wereblood             Tmut           4%         N/A       6%          2
b - Blink                 Tloc           4%         N/A       32%         2
c - Passwall              Tmut/Erth      3%         N/A       6%          2

Your spell library contained the following spells:

 Spells                   Type           Power      Damage    Failure   Level
 Sandblast                Erth           8%         2d5       4%          1
 Petrify                  Tmut/Erth      4%         N/A       38%         4
 Stone Arrow              Conj/Erth      4%         3d7       45%         3
 Foxfire                  Conj/Fire      0%         2x1d4     58%         1
 Freeze                   Ice            0%         1d3       58%         1
 Necrotise                Necr           0%         1d4       58%         1
 Slow                     Hex            0%         N/A       58%         1
 Summon Small Mammal      Summ           0%         N/A       58%         1
 Ignite Poison            Fire/Tmut/Pois 1%         N/A       65%         3
 Ensorcelled Hibernation  Hex/Ice        0%         N/A       73%         2
 Sublimation of Blood     Necr           0%         N/A       73%         2
 Portal Projectile        Hex/Tloc       2%         N/A       75%         3
 Vhi's Electric Charge    Tloc/Air       2%         N/A       75%         3
 Volatile Blastmotes      Fire/Tloc      2%         2d10      75%         3
 Lee's Rapid Deconstruct  Erth           2%         3d4*      75%         5
 Animate Armour           Summ/Erth      4%         N/A       86%         4
 Leda's Liquefaction      Hex/Erth       1%         N/A       86%         4
 Call Canine Familiar     Summ           0%         N/A       91%         3
 Confusing Touch          Hex            0%         N/A       91%         3
 Dazzling Flash           Conj/Hex       0%         N/A       91%         3
 Frozen Ramparts          Ice            0%         1d1       91%         3
 Inner Flame              Hex/Fire       0%         N/A       91%         3
 Mephitic Cloud           Conj/Pois/Air  0%         N/A       91%         3
 Summon Guardian Golem    Hex/Summ       0%         N/A       91%         3
 Swiftness                Air            0%         N/A       91%         3
 Vampiric Draining        Necr           0%         2d6       91%         3
 Manifold Assault         Tloc           2%         N/A       91%         4
 Alistair's Intoxication  Tmut/Pois      1%         N/A       99%         5
 Borgnjor's Vile Clutch   Necr/Erth      1%         N/A       99%         5
 Irradiate                Conj/Tmut      1%         3d12      99%         5
 Yara's Violent Unravell  Hex/Tmut       1%         3d3       99%         5
 Anguish                  Hex/Necr       0%         N/A       100%        4
 Animate Dead             Necr           0%         N/A       100%        4
 Dispel Undead            Necr           0%         3d6       100%        4
 Fulminant Prism          Conj/Hex       0%         3d5       100%        4
 Sticky Flame             Conj/Fire      0%         2d3       100%        4
 Summon Ice Beast         Ice/Summ       0%         N/A       100%        4
 Summon Lightning Spire   Summ/Air       0%         N/A       100%        4
 Agony                    Necr           0%         N/A       100%        5
 Arcjolt                  Conj/Air       0%         1d10      100%        5
 Fireball                 Conj/Fire      0%         3d3       100%        5
 Freezing Cloud           Conj/Ice/Air   0%         6-21      100%        5
 Iskenderun's Battlesphe  Conj           0%         2d6       100%        5
 Summon Forest            Summ/Tloc      0%         N/A       100%        5
 Summon Mana Viper        Hex/Summ       0%         N/A       100%        5
 Conjure Ball Lightning   Conj/Air       0%         3x3d6     100%        6
 Death Channel            Necr           0%         N/A       100%        6
 Eringya's Noxious Bog    Tmut/Pois      1%         4d6       100%        6
 Leda's Unmaking          Conj/Erth      1%         9d1       100%        6
 Plasma Beam              Fire/Air       0%         2x1d10    100%        6
 Simulacrum               Ice/Necr       0%         N/A       100%        6
 Starburst                Conj/Fire      0%         6d3       100%        6
 Summon Cactus Giant      Summ           0%         N/A       100%        6
 Enfeeble                 Hex            0%         N/A       100%        7
 Malign Gateway           Summ/Tloc      0%         N/A       100%        7
 Monstrous Menagerie      Summ           0%         N/A       100%        7
 Orb of Destruction       Conj           0%         9d5       100%        7
 Ozocubu's Refrigeration  Ice            0%         4d7       100%        7
 Spellforged Servitor     Conj/Summ      0%         N/A       100%        7
 Summon Hydra             Summ           0%         N/A       100%        7
 Discord                  Hex            0%         N/A       100%        8
 Ignition                 Fire           0%         3d3       100%        8
 Lehudib's Crystal Spear  Conj/Erth      1%         10d2      100%        8
 Maxwell's Capacitive Co  Air            0%         ∞         100%        8
 Summon Horrible Things   Summ           0%         N/A       100%        8


Dungeon Overview and Level Annotations

Branches:
Dungeon (15/15)            Temple (1/1) D:4            Lair (5/5) D:8
  Swamp (4/4) Lair:3       Spider (4/4) Lair:2        Slime (0/5) Lair:4
    Orc (2/2) D:9             Elf (3/3) Orc:2        Vaults (4/5) D:14
  Crypt (0/3) Vaults:3     Depths (4/4) D:15            Zot (2/5) Depths:4
  IceCv (visited)         Volcano (visited)

Altars:
Ashenzari
Cheibriados
Dithmenos
Elyvilon
Fedhas
Gozag
Hepliaklqana
Kikubaaqudgha
Makhleb
Nemelex Xobeh
Okawaru
Qazlal
Ru
Sif Muna
Trog
Uskayaw
Vehumet
Wu Jian
Xom
Yredelemnul
Zin
The Shining One
Beogh
Jiyva

Shops:
D:2 =   D:7 ![[   D:9 *   D:14 *   Orc:2 =*[(   Elf:1 (   Elf:2 [[
Elf:3 [?:[![(!   Vaults:4 =:   Depths:1 :

Portals:
Hell: Depths:1 Depths:2 Depths:3 Depths:4
Abyss: Depths:3 Depths:4
Pandemonium: Depths:2 Depths:3
Ziggurat: Depths:4

Annotations:
D:8 exclusion: downstairs
D:11 6 transporters
D:12 1 exclusion, Erolcha
D:15 3 runed translucent doors, Imulidwi's ghost, journeyman OpFi
Lair:3 exclusion: downstairs
Lair:4 3 runed translucent doors, Osyvawk's ghost, journeyman DrMo
Elf:2 5 runed translucent doors


Innate Abilities, Weirdness & Mutations

You are strong-willed. (Will+)
You are resistant to electric shocks. (rElec)


Message History

You shoot an arrow. The arrow misses the orb of fire.
The orb of fire glows bright magenta.
The bolt of fire hits you!!! You resist.
* * * LOW HITPOINT WARNING * * *
Fire: a) +8 longbow (freeze)
Press: ? - help, Q - select action, (/) - cycle Shift-Dir - straight line, f/p - orb of fire
Aim: an orb of fire (moderately damaged, ally target, 67% to hit)
You shoot an arrow. The arrow hits the orb of fire.
Fire: a) +8 longbow (freeze)
Press: ? - help, Q - select action, (/) - cycle Shift-Dir - straight line, f/p - orb of fire
Aim: an orb of fire (moderately damaged, ally target, 67% to hit)
You shoot an arrow.
The arrow barely misses the orb of fire.
You feel much better.
Unknown command.
Fire: a) +8 longbow (freeze)
Press: ? - help, Q - select action, (/) - cycle Shift-Dir - straight line, f/p - orb of fire
Aim: an orb of fire (moderately damaged, ally target, 67% to hit)
You shoot an arrow.
The arrow hits the orb of fire but does no damage.
Your ballistomycete spore explodes!
The explosion of spores engulfs the orb of fire!!!
The orb of fire glows bright magenta.
The fireball explodes!
The fireball engulfs you!! You resist.
* * * LOW HITPOINT WARNING * * *
The fireball engulfs the orb of fire.
The orb of fire completely resists.
Fire: a) +8 longbow (freeze)
Press: ? - help, Q - select action, (/) - cycle Shift-Dir - straight line, f/p - orb of fire
Aim: an orb of fire (heavily damaged, not watching you, ally target, 67% to hit)
You shoot an arrow. The arrow hits the orb of fire.
A ballistomycete spore comes into view.
Fire: a) +8 longbow (freeze)
Press: ? - help, Q - select action, (/) - cycle Shift-Dir - straight line, f/p - orb of fire
Aim: an orb of fire (heavily damaged, ally target, 67% to hit)
You shoot an arrow. The arrow hits the orb of fire!!
The arrow freezes the orb of fire.
The orb of fire glows red.
The bolt of fire hits you!!! You resist.
You die...
Fedhas appreciates your contribution to the ecosystem.

##..# #.T# #.. #..#
#..######.. #..#
#.......... #..#
#..........
#..######..######..
#..........# #..
#.......>..# #..
#..######..######..
#.@# #.......... #.*#
#.......... #...#
#..######.. ##P..##
#..# #.. ##..*## #..#
#.. #...# ##..# #.)
#.....# ##...# #).
....^.....#...# ##...##
#))
.........###...###...##
#).


You could see an orb of fire (ally target), a friendly ballistomycete (summoned)
and a friendly ballistomycete spore.

Vanquished Creatures
  2 dread liches
  4 juggernauts
  Mara (Depths:3)
  Boris (Depths:3)
  Vv (Depths:3)
  2 Killer Klowns (Zot:1)
  Parghit (Zot:2)
  Saint Roka (Vaults:1)
  3 caustic shrikes
  3 golden dragons
  A profane servitor (Abyss:3)
  3 bone dragons
  3 hellephants (Zot:1)
  12 tentacled monstrosities
  8 liches
  2 deep elf blademasters (Elf:3)
  A walking divine tome (Depths:3)
  2 deep elf master archers (Elf:3)
  3 quicksilver dragons
  3 sphinxes
  4 titans
  2 death cobs
  6 tentacled starspawn
  10 storm dragons
  4 shadow dragons
  Kirke (D:13)
  An Executioner (Abyss:3)
  Aizul (Swamp:2)
  2 fenstrider witches
  3 tengu reavers
  2 draconian monks (Depths:4)
  7 fire giants
  12 frost giants
  7 deep elf sorcerers (Elf:3)
  5 emperor scorpions
  A balrug (Abyss:3)
  2 deep elf elementalists (Elf:3)
  7 ghost moths
  13 vault wardens
  2 draconian stormcallers
  An iron dragon (Depths:2)
  An angel (Abyss:3)
  5 draconian shifters
  2 orc warlords (Orc:2)
  14 ironbound preservers
  3 formless jellyfish
  A spriggan defender (Depths:2)
  11 stone giants
  23 very ugly things
  2 broodmothers
  2 draconian annihilators
  4 ironbound thunderhulks
  5 green draconians
  8 deep elf annihilators
  10 vampire knights
  4 yellow draconians (Depths:4)
  3 bunyips
  6 deep elf demonologists
  5 white draconians
  8 black draconians
  14 dire elephants
  7 spark wasps
  4 purple draconians
  5 eleionomae
  3 lorocyprocas (Abyss:3)
  A blizzard demon (Depths:2)
  5 red draconians
  2 eidola
  8 ettins
  Snorg (D:10)
  9 fire dragons
  A crystal guardian (Abyss:3)
  6 deep elf death magi
  4 yaktaur captains
  3 deep elf high priests (Elf:3)
  2 spriggan zombies
  An entropy weaver (Spider:3)
  8 ice dragons
  8 great orbs of eyes
  6 rakshasas (Depths:2)
  Harold (D:10)
  19 hydras
  8 vault guards
  2 catoblepae
  A peacekeeper (Vaults:3)
  2 ghost crabs (Swamp:2)
  2 ogre magi
  3 spriggan air magi
  3 radroaches
  3 jorogumos
  21 dancing weapons
  17 ironbound frosthearts
  13 centaur warriors
  8 boulder beetles
  10 deep troll shamans
  6 alligators
  12 two-headed ogres
  A sphinx skeleton (Vaults:3)
  2 death knights (Depths:4)
  2 vampire magi
  5 tengu warriors
  A hell hog (Abyss:3)
  15 death yaks
  3 orc high priests (Orc:2)
  8 demonic crawlers
  12 thrashing horrors
  24 spriggans
  8 deep troll earth magi
  A titan zombie (Depths:1)
  9 spriggan berserkers
  Urug (D:10)
  2 sun demons (Depths:2)
  11 wretched stars
  Nergalle (D:10)
  8 hell knights
  8 iron trolls
  A titan skeleton (Vaults:3)
  13 deep elf knights
  17 large abominations
  16 skeletal warriors
  4 sixfirhies
  A storm dragon zombie (Depths:4)
  2 sun moths
  A death drake (Abyss:3)
  3 pharaoh ants
  3 shadow wraiths
  A spatial maelstrom (Abyss:3)
  A storm dragon skeleton (Depths:1)
  5 goliath frogs
  A skyshark (Lair:5)
  7 bog bodies
  3 spriggan druids
  63 deep trolls
  9 lindwurms
  4 swamp dragons (Swamp:4)
  10 orb spiders
  9 glowing orange brains
  4 wizards
  5 flayed ghosts
  13 ironbound convokers
  4 steelbarb worms
  6 phantasmal warriors
  3 deep elf archers
  7 necromancers
  6 orc knights
  An anaconda skeleton (Abyss:3)
  9 orc sorcerers
  20 wolf spiders
  18 deep elf pyromancers
  A shining eye (Abyss:3)
  26 deep elf zephyrmancers
  39 ugly things
  5 cyclopes
  6 will-o-the-wisps
  5 elephants
  A worldbinder (Abyss:3)
  4 manticores
  A frost giant skeleton (Depths:1)
  18 moths of wrath
  A stone giant zombie (Depths:1)
  A stone giant skeleton (Depths:1)
  2 apocalypse crabs
  A frost giant zombie (Depths:1)
  13 vault sentinels
  3 black mambas
  33 slime creatures
  A guardian serpent (shapeshifter) (D:15)
  3 human skeletons (Vaults:3)
  2 rust devils
  3 smoke demons
  Maurice (D:11)
  An ice statue (IceCv)
  2 molten gargoyles (Volcano)
  3 fire giant skeletons
  6 torpor snails
  A gargoyle (D:10)
  3 orange demons
  A hellion (Abyss:3)
  12 cane toads
  3 rime drakes
  3 unseen horrors
  3 efreet
  A kobold demonologist (D:11)
  2 freezing wraiths
  A yaktaur skeleton (Vaults:3)
  A tormentor (Abyss:2)
  4 tengu conjurers
  6 komodo dragons
  3 trolls
  7 ancient zymes
  2 red devils (Depths:2)
  35 yaktaurs
  A spriggan skeleton (Depths:1)
  2 harpy zombies (Abyss:3)
  4 hellwings
  11 polar bears
  A troll (shapeshifter) (Abyss:3)
  2 bloated husks
  21 hornets
  8 tyrant leeches
  A tarantella (shapeshifter) (Abyss:3)
  21 tarantellas
  9 blink frogs (Lair:2)
  11 raiju
  An ettin zombie (Depths:1)
  A dream sheep (Lair:5)
  An iron dragon simulacrum (Depths:1)
  3 elf skeletons (Vaults:3)
  A fire giant simulacrum (Depths:1)
  An ettin skeleton (Depths:1)
  25 jumping spiders
  A shadow (D:10)
  32 culicivoras
  3 wraiths
  An air elemental (Elf:3)
  2 ynoxinuls (Abyss:3)
  108 yaks
  3 wyverns
  A water elemental (D:14)
  A fire elemental (Elf:1)
  8 humans
  An alligator snapping turtle simulacrum (Abyss:3)
  A fire bat (Abyss:2)
  A steam dragon (D:8)
  4 basilisks
  57 redbacks
  5 chaos spawn
  4 wargs
  3 spatial vortices (Abyss:3)
  5 neqoxecs (Abyss:3)
  A glowing shapeshifter zombie (Depths:1)
  Menkaure (D:6)
  11 water moccasins
  18 swamp worms
  An acid dragon (D:11)
  A floating eye (shapeshifter) (Depths:3)
  A glowing shapeshifter skeleton (Vaults:3)
  A naga skeleton (Abyss:3)
  A naga zombie (Abyss:3)
  Duvessa (D:5)
  8 swamp drakes
  42 orc warriors
  A black bear (shapeshifter) (D:14)
  8 black bears
  An ice beast (D:7)
  4 boggarts
  11 ogres
  37 wolves
  22 starcursed masses (Abyss:3)
  10 centaurs
  A phantom (D:4)
  A kobold brigand (D:7)
  12 bullfrogs
  2 earth elementals
  2 gnoll sergeants
  3 scorpions
  17 small abominations
  13 wights
  Dowan (D:5)
  8 killer bees
  2 electric eels
  4 jellies
  4 howler monkeys
  A quasit (Abyss:3)
  17 orc priests
  3 hounds
  2 gnoll boudas
  2 iguanas
  Jessica (D:3)
  29 orc wizards
  28 gnolls
  6 adders
  5 white imps
  3 ufetubi (Abyss:3)
  4 worms
  2 dart slugs (D:1)
  98 orcs
  10 endoplasms
  2 giant cockroaches
  7 goblins
  3 hobgoblins
  5 jackals
  9 quokkas
  5 ball pythons
  5 bats
  7 frilled lizards
  11 kobolds
  4 rats
  5 starspawn tentacles
2049 creatures vanquished.

Vanquished Creatures (collateral kills)
  A bone dragon (Abyss:3)
  Zenata (Vaults:1)
  2 shadow dragons
  An emperor scorpion (Spider:1)
  An orc warlord (Vaults:1)
  2 ironbound preservers (Vaults:1)
  2 dire elephants (Vaults:2)
  2 ironbound frosthearts (Vaults:1)
  A sphinx skeleton (Depths:4)
  A wretched star (Abyss:3)
  3 deep trolls
  An ironbound convoker (Vaults:1)
  An orc knight (Vaults:1)
  2 wolf spiders (Spider:2)
  A vault sentinel (Vaults:1)
  A torpor snail (Spider:2)
  A yaktaur (Vaults:2)
  7 starcursed masses (Abyss:3)
  A neqoxec (Abyss:3)
  An orc priest (Orc:2)
  An orc wizard (Orc:2)
  7 orcs (Orc:2)
  10 ballistomycete spores
  A starspawn tentacle (Abyss:3)
52 creatures vanquished.

Vanquished Creatures (others)
  A tentacled starspawn (Abyss:3)
  3 thorn hunters (Swamp:4)
  A very ugly thing (Abyss:3)
  4 starflowers (Abyss:3)
  2 shambling mangroves (Swamp:4)
  3 hydras (Swamp:4)
  2 ghost crabs (Swamp:4)
  A goliath frog (Swamp:4)
  A wretched star (Abyss:3)
  A sixfirhy (Abyss:3)
  A spriggan druid (Swamp:4)
  A bog body (Swamp:4)
  4 swamp dragons (Swamp:4)
  2 wizards (Abyss:3)
  4 oklob plants (Abyss:3)
  A bloated husk (Swamp:3)
  7 hornets (Swamp:4)
  3 spriggans (Swamp:4)
  A fire elemental (Elf:1)
  A neqoxec (Abyss:3)
  A redback (Spider:4)
  A swamp worm (Swamp:4)
  A spatial vortex (Abyss:3)
  7 swamp drakes (Swamp:4)
  2 small abominations (Abyss:3)
  3 starcursed masses (Abyss:3)
  3 ballistomycete spores (Vaults:2)
  4 foxfires
  A lurking horror (Abyss:3)
  11 starspawn tentacles
78 creatures vanquished.

Grand Total: 2179 creatures vanquished

Notes
Turn   | Place    | Note
-------+----------+-------------------------------------------
     0 | D:1      | ragingrage the Hill Orc Hunter began the quest for the Orb.
     0 | D:1      | Reached XP level 1. HP: 18/18 MP: 1/1
   127 | D:1      | Reached XP level 2. HP: 25/25 MP: 2/2
   150 | D:1      | Reached skill level 1 in Stealth
   188 | D:1      | Found a faded altar of an unknown god.
   568 | D:1      | Reached XP level 3. HP: 30/30 MP: 3/3
  1067 | D:2      | Found a shimmering altar of Xom.
  1373 | D:2      | Reached XP level 4. HP: 37/37 MP: 4/4
  1723 | D:2      | Found Qet Misch's Jewellery Shoppe.
  1750 | D:2      | Reached skill level 5 in Ranged Weapons
  2388 | D:3      | Noticed a black bear
  2511 | D:3      | Reached XP level 5. HP: 42/42 MP: 5/5
  2517 | D:3      | Noticed Jessica
  2538 | D:3      | Killed a black bear
  2542 | D:3      | Killed Jessica
  2543 | D:3      | Reached XP level 6. HP: 21/50 MP: 6/6
  3296 | D:4      | Reached XP level 7. HP: 56/56 MP: 7/7
  3977 | D:4      | Found a staircase to the Ecumenical Temple.
  4024 | Temple   | Entered the Ecumenical Temple
  4032 | Temple   | Became a worshipper of Fedhas Madash
  4069 | D:4      | Found a broken altar of Ashenzari.
  4326 | D:5      | Entered Level 5 of the Dungeon
  4429 | D:5      | Noticed Duvessa
  4429 | D:5      | Noticed Dowan
  4433 | D:5      | Killed Duvessa
  4434 | D:5      | Reached XP level 8. HP: 60/62 MP: 8/8
  4448 | D:5      | Killed Dowan
  4597 | D:5      | Reached * piety under Fedhas
  4974 | D:5      | Found a shadowy altar of Dithmenos.
  5241 | D:6      | Reached skill level 10 in Ranged Weapons
  5852 | D:6      | Noticed Menkaure
  5854 | D:6      | Killed Menkaure
  5969 | D:6      | Reached XP level 9. HP: 36/68 MP: 9/9
  6889 | D:7      | Found Hotz's Armour Emporium.
  6889 | D:7      | Found Xaises's Armour Emporium.
  6889 | D:7      | Found Yjuy's Distillery.
  7161 | D:7      | Bought a +2 pair of gloves of strength for 279 gold pieces
  7217 | D:7      | Reached ** piety under Fedhas
  8116 | D:8      | Identified the +0 hand axe of the Cursing Gnat {antimagic,
                  | rPois rN+ Int+4}
  8383 | D:8      | Found a radiant altar of Vehumet.
  8517 | D:8      | Found a shimmering blue altar of Sif Muna.
  8568 | D:8      | Reached XP level 10. HP: 74/74 MP: 10/10
  8637 | D:8      | Found a staircase to the Lair.
  9295 | D:7      | Bought a potion of degeneration for 16 gold pieces
  9295 | D:7      | Bought a potion of heal wounds for 80 gold pieces
  9296 | D:7      | Bought a potion of heal wounds for 80 gold pieces
  9355 | D:9      | Reached *** piety under Fedhas
  9761 | D:9      | Identified the +0 dagger of Feral Forgiveness {speed, Will-
                  | rCorr Stlth+}
  9770 | D:9      | Reached skill level 1 in Invocations
  9779 | D:9      | Reached skill level 3 in Fighting
  9814 | D:9      | Found a staircase to the Orcish Mines.
  9857 | D:9      | Found an opulent altar of Gozag.
  9864 | D:9      | Reached skill level 4 in Fighting
  9865 | D:9      | Found Gozag's Platinum Reserve.
 10138 | D:10     | Entered Level 10 of the Dungeon
 10138 | D:10     | Noticed Urug
 10147 | D:10     | Killed Urug
 10240 | D:10     | Reached skill level 5 in Fighting
 10240 | D:10     | Reached XP level 11. HP: 58/86 MP: 14/14
 10242 | D:10     | Reached **** piety under Fedhas
 10250 | D:10     | Reached skill level 5 in Invocations
 10518 | D:10     | Reached skill level 6 in Fighting
 10760 | D:10     | Noticed Snorg
 10860 | D:10     | Killed Snorg
 11027 | D:10     | You fall into a shaft and drop 1 floor!
 11027 | D:11     | Found a transporter.
 11027 | D:11     | Found a transporter.
 11050 | D:12     | Noticed a boulder beetle
 11066 | D:12     | Killed a boulder beetle
 11067 | D:12     | Reached skill level 7 in Fighting
 11106 | D:12     | Noticed a cyclops
 11110 | D:12     | Killed a cyclops
 11111 | D:12     | Reached skill level 5 in Dodging
 11180 | D:11     | Noticed a two-headed ogre
 11184 | D:11     | Killed a two-headed ogre
 11196 | D:11     | Noticed Maurice
 11201 | D:11     | Killed Maurice
 11276 | D:12     | Noticed Erolcha
 11285 | D:12     | Noticed a white ugly thing
 11295 | D:12     | Killed a white ugly thing
 11296 | D:12     | Reached skill level 8 in Fighting
 11300 | D:12     | Found a frozen archway.
 11360 | IceCv    | Entered an ice cave
 11717 | IceCv    | Reached XP level 12. HP: 99/103 MP: 18/18
 11861 | IceCv    | Reached skill level 9 in Fighting
 11918 | IceCv    | Reached ***** piety under Fedhas
 12051 | IceCv    | Noticed a death yak
 12051 | IceCv    | Noticed a death yak
 12052 | IceCv    | Noticed a death yak
 12066 | IceCv    | Killed a death yak
 12068 | IceCv    | Killed a death yak
 12068 | IceCv    | Killed a death yak
 12069 | IceCv    | Reached skill level 10 in Fighting
 12110 | IceCv    | Noticed an ironbound frostheart
 12110 | IceCv    | Noticed a death yak
 12712 | IceCv    | Killed an ironbound frostheart
 12923 | IceCv    | Noticed a death yak
 13191 | IceCv    | Killed a death yak
 13192 | IceCv    | Reached skill level 15 in Ranged Weapons
 13267 | IceCv    | Noticed an ironbound frostheart
 13303 | IceCv    | Killed an ironbound frostheart
 13403 | IceCv    | Killed a death yak
 13426 | IceCv    | Got the Omnibus of Cryomancy
 13845 | D:12     | Found a sparkling altar of Nemelex Xobeh.
 14274 | D:11     | Reached XP level 13. HP: 113/113 MP: 19/19
 14285 | D:11     | Got the Catalogue of Bad Luck
 14608 | D:11     | Found a transporter.
 14609 | D:11     | Found a transporter.
 14647 | D:11     | Found a transporter.
 14651 | D:11     | Found a transporter.
 14982 | D:10     | Noticed Harold
 14994 | D:10     | Killed Harold
 15119 | D:10     | Noticed Nergalle
 15126 | D:10     | Killed Nergalle
 15373 | Lair:1   | Entered Level 1 of the Lair of Beasts
 15690 | Lair:1   | Identified the +0 ring mail of the Bulwark {Harm Int+4
                  | Dex+3}
 16187 | Lair:2   | Reached ****** piety under Fedhas
 16714 | Lair:2   | Identified the +4 chain mail "Murek" {rC- Will++ Dex+3}
 16843 | Lair:2   | Found a hole to the Spider Nest.
 16889 | Lair:2   | Reached XP level 14. HP: 121/121 MP: 20/20
 17389 | Lair:3   | Found a dark tunnel.
 17419 | Volcano  | Entered a volcano
 17478 | Volcano  | Found a burning altar of Makhleb.
 17563 | Volcano  | Noticed a red draconian
 17576 | Volcano  | Killed a red draconian
 18127 | Lair:3   | Found a staircase to the Swamp.
 18666 | Lair:4   | Found a runed translucent gate.
 18666 | Lair:4   | Found a runed translucent gate.
 18666 | Lair:4   | Found a runed translucent gate.
 18667 | Lair:4   | Noticed an acid blob
 18667 | Lair:4   | Noticed an azure jelly
 18668 | Lair:4   | Noticed an acid blob
 18744 | Lair:4   | Found a staircase to the Slime Pits.
 18831 | Lair:4   | Learned a level 2 spell: Wereblood
 18956 | Lair:4   | Noticed Osyvawk's ghost (journeyman DrMo)
 18956 | Lair:4   | Noticed an acid blob
 18957 | Lair:4   | Noticed an azure jelly
 18958 | Lair:4   | Noticed an acid blob
 18958 | Lair:4   | Noticed an acid blob
 19093 | Lair:4   | Found a viscous altar of Jiyva.
 19189 | Lair:5   | Entered Level 5 of the Lair of Beasts
 19591 | Lair:5   | Reached XP level 15. HP: 128/128 MP: 22/22
 19690 | Lair:5   | Reached skill level 10 in Invocations
 19755 | Lair:5   | Reached skill level 11 in Fighting
 20002 | Lair:5   | Identified the +1 war axe of the Riding Oracle {heavy,
                  | rPois rC+++ MP+9 Int-4}
 20768 | Orc:1    | Entered Level 1 of the Orcish Mines
 20828 | Orc:1    | Found a roughly hewn altar of Beogh.
 21028 | Orc:2    | Entered Level 2 of the Orcish Mines
 21093 | Orc:2    | Noticed an orc warlord
 21102 | Orc:2    | Killed an orc warlord
 21116 | Orc:2    | Reached skill level 12 in Fighting
 21159 | Orc:2    | Noticed an orc warlord
 21179 | Orc:2    | Killed an orc warlord
 21212 | Orc:2    | Found a flickering gateway to a bazaar.
 21306 | Bazaar   | Entered a bazaar
 21306 | Bazaar   | Found Uwiraet's Antique Armour Shoppe.
 21437 | Bazaar   | Found Zaishr Hirgh's Jewellery Shoppe.
 21467 | Bazaar   | Found Cubbixit's Antique Armour Shoppe.
 21489 | Bazaar   | Bought a chain mail for 126 gold pieces
 21489 | Bazaar   | Bought a heavily runed leather armour for 196 gold pieces
 21489 | Bazaar   | Identified the +0 leather armour of Starshine {rC+ rN+
                  | rCorr} (You bought it in a shop in a bazaar)
 21502 | Bazaar   | Bought the amulet of the Four Winds {rN+ Will+++ Clar} for
                  | 546 gold pieces
 21502 | Bazaar   | Found the amulet of the Four Winds {rN+ Will+++ Clar}
 21502 | Bazaar   | Bought an amulet of regeneration for 270 gold pieces
 21544 | Orc:2    | Found a staircase to the Elven Halls.
 21823 | Orc:2    | Found Wyboent's General Store.
 21825 | Orc:2    | Found Zocy's Jewellery Shop.
 21827 | Orc:2    | Found Destry's Antique Armour Shop.
 21827 | Orc:2    | Found Nimuwk's Antique Weapon Boutique.
 21842 | Orc:2    | Bought a scroll of enchant weapon for 120 gold pieces
 22472 | D:13     | Reached XP level 16. HP: 141/141 MP: 25/25
 22601 | D:13     | Identified the +10 ring mail "Axta" {*Slow Int+5}
 22624 | D:13     | Reached skill level 13 in Fighting
 22678 | D:13     | Found a glowing golden altar of the Shining One.
 23376 | D:14     | Found a gate to the Vaults.
 23465 | D:14     | Found Peagawog's Assorted Antiques.
 23991 | D:15     | Entered Level 15 of the Dungeon
 24135 | D:15     | Reached skill level 14 in Fighting
 24135 | D:15     | Reached skill level 10 in Dodging
 24227 | D:15     | Reached skill level 1 in Armour
 24390 | D:15     | Noticed a storm dragon
 24392 | D:15     | Found a runed translucent gate.
 24392 | D:15     | Noticed Imulidwi's ghost (journeyman OpFi)
 24393 | D:15     | Found a runed translucent gate.
 24406 | D:15     | Noticed a sphinx
 24425 | D:15     | Found a runed translucent gate.
 24473 | D:15     | Found a staircase to the Depths.
 25041 | Swamp:1  | Entered Level 1 of the Swamp
 25617 | Swamp:2  | Noticed a thorn hunter
 25712 | Swamp:2  | Noticed Aizul
 25726 | Swamp:2  | Killed Aizul
 25873 | Swamp:2  | Reached XP level 17. HP: 145/154 MP: 28/28
 25905 | Swamp:2  | Reached skill level 15 in Invocations
 25931 | Swamp:2  | Reached skill level 15 in Fighting
 25940 | Swamp:2  | Reached skill level 5 in Armour
 25956 | Swamp:2  | Reached skill level 1 in Evocations
 26045 | Swamp:2  | Got the Tome of Summoning and the Winter
 26981 | Swamp:4  | Entered Level 4 of the Swamp
 27070 | Swamp:4  | Paralysed by a fenstrider witch for 3 turns
 27406 | Swamp:4  | Reached skill level 5 in Evocations
 27909 | Swamp:4  | Got a decaying rune of Zot
 28242 | Spider:1 | Entered Level 1 of the Spider Nest
 29536 | Spider:2 | Identified the +8 plate armour "Gounam" {rElec rPois rF+
                  | Str-4 Stlth+}
 29945 | Spider:2 | Identified the +3 flail of Wu Jian's Approval {flame, rElec
                  | rF++ rC+ Str-2}
 30109 | Spider:2 | Reached XP level 18. HP: 163/163 MP: 29/29
 30164 | Spider:2 | Reached skill level 15 in Dodging
 31985 | Spider:4 | Entered Level 4 of the Spider Nest
 32566 | Spider:3 | Reached skill level 16 in Fighting
 34438 | Spider:4 | Reached skill level 10 in Evocations
 34453 | Spider:4 | Reached skill level 17 in Fighting
 35254 | Spider:4 | Got a gossamer rune of Zot
 35575 | Elf:1    | Entered Level 1 of the Elven Halls
 35750 | Elf:1    | Reached skill level 18 in Fighting
 35779 | Elf:1    | Reached XP level 19. HP: 179/179 MP: 30/30
 36332 | Elf:1    | Found Fonkeweu's Weapon Boutique.
 36670 | Abyss:2  | Cast into level 2 of the Abyss (+1 hand axe of distortion)
 36867 | Abyss:2  | Found a shadowy altar of Dithmenos.
 36907 | Elf:2    | Escaped the Abyss
 37006 | Elf:2    | Found Hatosiv's Antique Armour Boutique.
 37073 | Elf:2    | Found Ryddoizu's Armour Boutique.
 37109 | Elf:3    | Entered Level 3 of the Elven Halls
 37109 | Elf:3    | Found Jievick's Weapon Emporium.
 37109 | Elf:3    | Found Poodeij's Armour Emporium.
 37401 | Elf:2    | Reached skill level 5 in Stealth
 38064 | Elf:2    | Found a huge runed translucent gate.
 38064 | Elf:2    | Found a huge runed translucent gate.
 38064 | Elf:2    | Found a huge runed translucent gate.
 38064 | Elf:2    | Found a huge runed translucent gate.
 38064 | Elf:2    | Found a huge runed translucent gate.
 38495 | Vaults:1 | Entered Level 1 of the Vaults
 38806 | Vaults:1 | Noticed Zenata
 39356 | Vaults:1 | Reached skill level 19 in Fighting
 39362 | Vaults:1 | Noticed Saint Roka
 39384 | Vaults:1 | Killed Saint Roka
 39544 | Vaults:1 | Killed Zenata
 39604 | Vaults:1 | Reached XP level 20. HP: 138/193 MP: 31/31
 39881 | Vaults:1 | Reached skill level 20 in Fighting
 41207 | Vaults:2 | Paralysed by a great orb of eyes for 4 turns
 41273 | Vaults:2 | HP: 8/193 [ironbound thunderhulk/bolt of lightning (26)]
 41793 | Vaults:2 | Reached skill level 10 in Armour
 42972 | Vaults:2 | Reached skill level 21 in Fighting
 43147 | Vaults:3 | Paralysed by a great orb of eyes for 5 turns
 43784 | Vaults:4 | Reached XP level 21. HP: 206/206 MP: 32/32
 43803 | Vaults:4 | Reached skill level 1 in Transmutations
 44110 | Vaults:4 | Reached skill level 22 in Fighting
 44200 | Vaults:4 | Learned a level 2 spell: Blink
 44264 | Vaults:4 | Noticed a dread lich
 44551 | Vaults:4 | Reached skill level 1 in Translocations
 44675 | Vaults:4 | Found Viezuimp's Book Emporium.
 44743 | Vaults:4 | Found Fareomp's Jewellery Emporium.
 44777 | Vaults:4 | Bought the necklace of Bloodlust {Fury *Rage Will++ Int-3
                  | Slay+6} for 588 gold pieces
 44777 | Vaults:4 | Found the necklace of Bloodlust {Fury *Rage Will++ Int-3
                  | Slay+6}
 45767 | Vaults:3 | Reached skill level 5 in Transmutations
 45813 | Vaults:3 | Found a staircase to the Crypt.
 46097 | Vaults:3 | Identified the ring of Wonder {Fly Str-5 Int+7 Stlth-}
 47272 | Vaults:4 | Killed a dread lich
 47273 | Vaults:4 | Reached skill level 1 in Spellcasting
 47673 | D:13     | Noticed Kirke
 47679 | D:13     | Killed Kirke
 48161 | Elf:3    | Paralysed by an air elemental for 1 turns
 48165 | Elf:3    | Paralysed by an air elemental for 1 turns
 48225 | Elf:3    | Found Meduifaocru's Book Shoppe.
 48228 | Elf:3    | Found Xowi's Distillery.
 48228 | Elf:3    | Found Karood's Armour Shoppe.
 48233 | Elf:3    | Bought a manual of Ranged Weapons for 1120 gold pieces
 48233 | Elf:3    | Found Texzoch's Antique Armour Emporium.
 48236 | Elf:3    | Bought a potion of heal wounds for 100 gold pieces
 48236 | Elf:3    | Bought a potion of haste for 200 gold pieces
 48242 | Elf:3    | Bought a masterwork ring mail for 369 gold pieces
 48242 | Elf:3    | Identified the +0 ring mail of Pleasant Breezes {rElec rN+
                  | Str+3} (You bought it in a shop on level 3 of the Elven
                  | Halls)
 48857 | Elf:3    | Reached XP level 22. HP: 215/215 MP: 33/33
 49016 | Elf:3    | Found Reont's Magic Scroll Boutique.
 49023 | Elf:3    | Bought a scroll of teleportation for 57 gold pieces
 49068 | Elf:3    | Found Amiomoq's Distillery.
 49321 | Elf:3    | Identified the ring of Nilingoi {Fly rF+ MP+9 Str+6 Slay-3}
 49737 | Elf:3    | Identified the +6 battleaxe of Focus {drain, Int+4}
 50049 | Elf:3    | Identified a scroll of acquirement
 50052 | Elf:3    | Acquired 712 gold pieces
 50649 | Depths:1 | Entered Level 1 of the Depths
 50668 | Depths:1 | Found a gateway to Hell.
 51397 | Depths:1 | Found Nigocut's Vocational Training.
 51512 | Depths:1 | You fall into a shaft and drop 1 floor!
 51682 | Depths:2 | Noticed a juggernaut
 51689 | Depths:2 | Found a hazy altar of Hepliaklqana.
 51691 | Depths:2 | Noticed a caustic shrike
 51727 | Depths:2 | Reached skill level 23 in Fighting
 52113 | Depths:2 | Identified the +0 dire flail of Might {heavy, rF+ Str+2}
 53285 | Depths:2 | Reached skill level 24 in Fighting
 53500 | Depths:2 | Killed a juggernaut
 53501 | Depths:2 | Reached XP level 23. HP: 140/229 MP: 35/35
 53805 | Depths:2 | Killed a caustic shrike
 54029 | Depths:2 | Got the Elucidation of the Toadstool
 54454 | Depths:2 | Found a one-way gate leading to the halls of Pandemonium.
 54774 | Depths:3 | Noticed a juggernaut
 55102 | Depths:3 | Killed a juggernaut
 55212 | Depths:3 | Noticed Mara
 55215 | Depths:3 | Noticed ragingrage's illusion
 55789 | Depths:3 | Noticed ragingrage's illusion
 55792 | Depths:3 | Killed Mara
 55883 | Depths:3 | Noticed a juggernaut
 55894 | Depths:3 | Killed a juggernaut
 55932 | Depths:3 | Identified the +0 robe of Proximity {Rampage Regen+ Int-3
                  | Dex+6}
 56069 | Depths:3 | Noticed a juggernaut
 56084 | Depths:3 | Killed a juggernaut
 56087 | Depths:3 | Noticed Boris
 56156 | Depths:3 | Noticed a caustic shrike
 56168 | Depths:3 | Killed a caustic shrike
 56316 | Depths:3 | Got Rohuetu's Encyclopedia of Damaging Reformation
 56398 | Depths:3 | Identified the +3 scale mail of Jigsaw {Dex+3 Stlth+}
 56486 | Depths:3 | Noticed a caustic shrike
 56488 | Depths:3 | Noticed a golden dragon
 56511 | Depths:3 | Killed a golden dragon
 56982 | Depths:3 | Noticed a golden dragon
 56997 | Depths:3 | Killed a caustic shrike
 57002 | Depths:3 | Killed a golden dragon
 57220 | Depths:1 | Bought a manual of Evocations for 1760 gold pieces
 57403 | Depths:3 | Reached XP level 24. HP: 238/238 MP: 36/36
 57706 | Depths:3 | Killed Boris
 57712 | Depths:3 | Identified the ring "Esao" {rC+ rN+ Will+ Stlth-}
 57932 | Depths:3 | Found a one-way gate to the infinite horrors of the Abyss.
 58164 | Depths:4 | Entered Level 4 of the Depths
 58488 | Depths:4 | Noticed a dread lich
 58520 | Depths:3 | Noticed Vv
 58541 | Depths:3 | Killed Vv
 59257 | Depths:4 | Killed a dread lich
 59864 | Depths:4 | Found a one-way gateway to a ziggurat.
 59934 | Depths:4 | Reached skill level 15 in Evocations
 60378 | Depths:4 | Found a stormy altar of Qazlal.
 60498 | Depths:4 | Found a gate to the Realm of Zot.
 60711 | Depths:4 | Found a burning altar of Makhleb.
 60715 | Depths:4 | Found a glowing golden altar of the Shining One.
 60835 | Depths:4 | Got Nuboc's Secrets of Black Acts
 61305 | Depths:3 | Voluntarily entered the Abyss.
 61368 | Depths:3 | Escaped the Abyss
 61370 | Depths:3 | Voluntarily entered the Abyss.
 61408 | Abyss:2  | Found a corrupted altar of Lugonu.
 61410 | Abyss:2  | Found a corrupted altar of Lugonu.
 61459 | Depths:3 | Escaped the Abyss
 61461 | Depths:3 | Voluntarily entered the Abyss.
 61463 | Abyss:2  | Found a corrupted altar of Lugonu.
 61483 | Abyss:2  | Found a corrupted altar of Lugonu.
 61558 | Abyss:3  | Gained mutation: You are dopey. (Int -2) [a neqoxec]
 61562 | Abyss:3  | Paralysed by accursed screaming for 1 turns
 61815 | Abyss:3  | Learned a level 2 spell: Passwall
 61884 | Abyss:3  | Reached skill level 1 in Earth Magic
 62060 | Abyss:3  | Reached skill level 5 in Earth Magic
 62157 | Abyss:3  | Found a corrupted altar of Lugonu.
 62368 | Abyss:3  | Reached XP level 25. HP: 247/247 MP: 36/36
 62523 | Abyss:3  | Gained mutation: You are weak. (Str -2) [a neqoxec]
 62737 | Abyss:3  | Found a corrupted altar of Lugonu.
 62983 | Abyss:3  | Found a corrupted altar of Lugonu.
 63014 | Abyss:3  | Gained mutation: You occasionally lose the ability to read
                  | scrolls when taking damage. [a neqoxec]
 63017 | Abyss:3  | Lost mutation: You occasionally lose the ability to read
                  | scrolls when taking damage. [potion of mutation]
 63017 | Abyss:3  | Lost mutation: You are weak. (Str -2) [potion of mutation]
 63017 | Abyss:3  | Gained mutation: You are somewhat resistant to further
                  | mutation. [potion of mutation]
 63017 | Abyss:3  | Gained mutation: You are vulnerable to cold. (rC-) [potion
                  | of mutation]
 63063 | Abyss:3  | Got an abyssal rune of Zot
 63251 | Depths:3 | Escaped the Abyss
 63324 | Zot:1    | Entered Level 1 of the Realm of Zot
 63330 | Zot:1    | Lost mutation: You are vulnerable to cold. (rC-) [potion of
                  | mutation]
 63330 | Zot:1    | Lost mutation: You are dopey. (Int -2) [potion of mutation]
 63330 | Zot:1    | Lost mutation: You are somewhat resistant to further
                  | mutation. [potion of mutation]
 63330 | Zot:1    | Gained mutation: You are resistant to electric shocks.
                  | (rElec) [potion of mutation]
 63330 | Zot:1    | Gained mutation: You are strong-willed. (Will+) [potion of
                  | mutation]
 63853 | Depths:1 | Reached skill level 25 in Fighting
 66602 | Depths:4 | Reached skill level 26 in Fighting
 67162 | Zot:1    | Noticed a Killer Klown
 67170 | Zot:1    | Killed a Killer Klown
 67179 | Zot:1    | Noticed a Killer Klown
 67205 | Zot:1    | Killed a Killer Klown
 68631 | Zot:2    | Noticed Parghit
 68750 | Zot:2    | Killed Parghit
 69109 | Zot:2    | Noticed an orb of fire
 69123 | Zot:2    | Killed from afar by an orb of fire

Illustrated notes

Levels and vault maps discovered:
D:1:      dpeg_arrival_ternary, layout_loops_cross,
          ebering_ecumenical_altar_sacrificial
D:2:      layout_loops_corners, serial_shops, shop, basic_altar
D:3:      layout_basic, uniq_jessica
D:4:      layout_layer_cave, mainiacjoe_overflow_paths, temple_pool_b
D:5:      layout_rooms, nicolae_dithmenos_through_a_glass_darkly, corexii_shack,
          kennysheep_small_circle, uniq_duvessa
D:6:      layout_basic, minmay_manual_mullet, uniq_menkaure
D:7:      layout_loops_corners, nicolae_shop_distant_corner_stores
D:8:      layout_basic, vehumet_altar_wand_db, marbit_many_paths,
          lair_entry_dummy
D:9:      layout_rooms, nicolae_gozag_zags_fifth_avenue, erik_orc_4,
          grunt_ministairs_6, roderic_serpentine_path
D:10:     layout_roguey, uniq_harold, uniq_snorg, uniq_urug, uniq_nergalle
D:11:     layout_basic, serial_nicolae_subway, nicolae_sub_station_metal,
          nicolae_sub_station_stone, nicolae_sub_station_crystal, uniq_maurice
D:12:     layout_loops_ring, portal_ice_cave_entry_pillars_2,
          nemelex_spade_bored_becter, uniq_erolcha
D:13:     minmay_diamond_stairs, layout_loops_cross,
          nicolae_tso_swordbearing_angel, uniq_kirke
D:14:     layout_loops_ring, grunt_vaults_entry_fortified, serial_shops,
          nicolae_shop_statue_plus, minivault_14
D:15:     hellmonk_depths_entry_around_the_bend, layout_rooms,
          gammafunk_ghost_split
Temple:   bh_familiar_temple
Lair:1:   layout_misc_corridors, lemuel_fruit_tree, serial_bayou_shore_a
Lair:2:   layout_cellular_growth, nicolae_spider_entry_tight_spaces
Lair:3:   layout_chaotic_city, minmay_swamp_entry_worms, enter_volcano_4
Lair:4:   layout_misc_corridors, minmay_slime_entry_oklob_enclosed,
          gammafunk_ghost_ooze
Lair:5:   minmay_lair_end_enchanted_forest, layout_regular_city,
          lookout_lair_type
Swamp:1:  layout_basic_swamp, evilmike_swamp_ruin_house_6
Swamp:2:  layout_basic_swamp, nicolae_swamp_decorative_isthmus, swamp_pool2,
          uniq_aizul
Swamp:3:  layout_basic_swamp, nicolae_swamp_oxbows, swamp_pool2
Swamp:4:  swamp_basic_johnstein, layout_basic_swamp, nicolae_swamp_little_swirl
Spider:1: layout_spider_delve
Spider:2: layout_spider_delve
Spider:3: layout_spider_delve, drop_trap, hellmonk_spider_spawner
Spider:4: spider_rune_water, nicolae_spider_twisty_arc_passages
Orc:1:    layout_caves, basic_altar
Orc:2:    st_orc_congregation, layout_caves, serial_shops, bzr_entry_road
Elf:1:    nicolae_elf_arrival_fired_up, layout_loops_cross, serial_shops, shop,
          hangedman_elven_crosses_minicolossus
Elf:2:    elven_hall_of_blades_hangedman_alternative [nicolae_blade_bullseye],
          layout_geoelf_grid, minmay_shop_star
Elf:3:    grunt_elf_hall_asides, layout_loops_corners, serial_shops,
          shop_fountains, nicolae_shop_bloodbath_and_beyond, shop,
          nicolae_shop_industrial_runoff, minmay_shoptagon
Vaults:1: ontoclasm_vaults_misaligned, grunt_vaults_bifocal,
          nicolae_vaults_network_star, vaults_room_octagon,
          nicolae_vaults_tetromino_Z_2, layout_vaults_omnigrid, uniq_saint_roka,
          uniq_zenata
Vaults:2: v_rooms_6, nicolae_vaults_tetromino_Z_2,
          nicolae_vaults_three_branches, nicolae_vaults_wrenched,
          nicolae_vaults_murder_corner, nicolae_vaults_frosty_reception,
          vaults_mumra_hex, v_misc_25, hangedman_vaults_corner,
          nicolae_vaults_trapezoid_lopsided_3, vaults_dpeg_encased_lava,
          ontoclasm_vaults_claustrophobia, nicolae_vaults_little_squares_4,
          vaults_dpeg_doors, layout_vaults_maze_snakey
Vaults:3: nicolae_vaults_turnstiles, v_alt_pattern_2,
          nicolae_vaults_little_squares_4, minmay_crypt_entry_skeletal_spiral,
          nicolae_vaults_surprise_closet, vaults_dpeg_spiral,
          nicolae_vaults_border_crossing, nicolae_vaults_tetromino_Z_2,
          v_misc_11, dpeg_vaults_monster_box, nicolae_vaults_diamond_2,
          kb_rosetta, v_misc_23, nicolae_vaults_ring_of_whatevers,
          layout_vaults_omnibox
Vaults:4: nicolae_vaults_you_can_take_it_with_you,
          hangedman_vaults_corner_blocks, nicolae_vaults_octothorpe,
          nicolae_vaults_variable_pillar_hall, hangedman_vaults_pinch,
          nicolae_vaults_shelves_hall, v_misc_2,
          nicolae_vaults_network_quinsquares
          [nicolae_vaults_network_quincunx_subvault,
          nicolae_vaults_network_quincunx_subvault,
          nicolae_vaults_network_quincunx_subvault,
          nicolae_vaults_network_quincunx_subvault],
          vaults_standard_mumra_enter_the_diamond,
          nicolae_vaults_storage_closets_3, nicolae_vaults_yaktaur_gun_rack,
          layout_vaults_omnicross, serial_shops,
          nicolae_shop_tiny_real_fake_doors, nicolae_shop_gaudy_bauble
Depths:1: layout_roguey, hell_entry, nicolae_shop_vocational
Depths:2: minmay_the_grid_square_5x5_5x5
          [minmay_the_grid_square_5x5_two_walls_b,
          minmay_the_grid_square_5x5_three_small,
          minmay_the_grid_square_5x5_gyroscope,
          minmay_the_grid_square_5x5_checkered,
          minmay_the_grid_square_5x5_minimal,
          minmay_the_grid_square_5x5_checkered_statues,
          minmay_the_grid_square_5x5_prize_itemx,
          minmay_the_grid_square_5x5_six, minmay_the_grid_square_5x5_prize_gold,
          minmay_the_grid_square_5x5_two_walls_a,
          minmay_the_grid_square_5x5_shrine2,
          minmay_the_grid_square_5x5_sharp_hourglass,
          minmay_the_grid_square_5x5_prize_junk,
          minmay_the_grid_square_5x5_shrine1,
          minmay_the_grid_square_5x5_six_small, minmay_the_grid_square_5x5_meh,
          minmay_the_grid_square_5x5_prize_monsterx,
          minmay_the_grid_square_5x5_trominoes,
          minmay_the_grid_square_5x5_prize_waves,
          minmay_the_grid_square_5x5_fat_x, minmay_the_grid_square_5x5_inset,
          minmay_the_grid_square_5x5_seven,
          minmay_the_grid_square_5x5_broken_cross,
          minmay_the_grid_square_5x5_percent,
          minmay_the_grid_square_5x5_intrusive_squares], layout_basic,
          nicolae_concentric_dashed_squares_wild, grunt_hell_entry_dis_old,
          grunt_pan_entry_sceptre, serial_bayou_shore_b
Depths:3: minmay_four_inscribed_fans, layout_cave_pools,
          kennysheep_small_spiral, abyss_entry_small_statue_room,
          grunt_pan_entry_in_and_out, hell_entry, uniq_vv, uniq_boris, uniq_mara
Depths:4: grunt_twist_and_shout, layout_gridville, enter_ziggurat_a,
          abyss_entry, hell_entry, nicolae_qazlal_style_of_elements,
          special_room [special_room_morgue], nzn_life_drinkers
Zot:1:    circus_mu, layout_twisted_circle, grunt_megastairs_5
Zot:2:    layout_concentric_octagons, nicolae_shop_clearance, uniq_parghit

Skill      XL: |  1  2  3  4  5  6  7  8  9 10 11 12 13 14 15 16 17 18 19 20 21 22 23 24 25 |
---------------+----------------------------------------------------------------------------+-----
Ranged Weapons | 4 5 6 7 8 10 12 14 15 18 20 21 23 | 23.0
Stealth        | 1 2 8 |  8.8
Invocations    | 4 8 9 12 14 15 16 19 | 19.0
Fighting       | 5 8 10 12 14 15 18 19 21 22 24 26 | 26.0
Dodging        | 3 5 7 9 10 14 15 17 18 19 | 19.1
Armour         | 4 5 11 | 11.0
Evocations     | 7 10 15 | 15.2
Transmutations | 6 7 |  7.0
Translocations | 3 |  3.0
Spellcasting   | 1 2 3 |  3.0
Earth Magic    | 5 7 |  7.0

Action                     |  1- 3 |  4- 6 |  7- 9 | 10-12 | 13-15 | 16-18 | 19-21 | 22-24 | 25-27 || total
---------------------------+-------+-------+-------+-------+-------+-------+-------+-------+-------++-------
  Melee: Longbow           |       |       |       |       |       |    21 |       |       |       ||    21
         Unarmed           |       |       |       |       |       |       |    27 |       |       ||    27
   Fire: Shortbow          |   117 |   142 |   304 |       |       |       |       |       |       ||   563
         Longbow           |       |       |    41 |   534 |  1015 |  1612 |  1717 |  1897 |   771 ||  7587
  Throw: Throwing net      |       |       |       |     1 |       |       |       |     1 |     1 ||     3
         Dart              |       |       |       |       |     1 |       |     2 |     3 |       ||     6
   Cast: Wereblood         |       |       |       |       |       |       |     1 |    26 |     5 ||    32
         Passwall          |       |       |       |       |       |       |       |       |    17 ||    17
 Invoke: Wall of Briars    |       |       |       |     4 |     1 |     1 |     1 |     1 |       ||     8
         Grow Oklob        |       |       |       |       |       |     1 |       |     3 |     3 ||     7
         Grow Ballistomyce |       |       |       |       |       |     2 |     1 |     1 |     2 ||     6
         Overgrow          |       |       |       |       |       |     1 |     2 |     2 |       ||     5
  Evoke: Wand              |       |       |       |     1 |     3 |     5 |       |     7 |     4 ||    20
         Condenser vane    |       |       |       |     1 |     2 |     2 |     3 |     2 |     1 ||    11
         Lightning rod     |       |       |       |       |     4 |       |       |     4 |     2 ||    10
         Phantom mirror    |       |       |       |       |       |       |       |     2 |       ||     2
         Box of beasts     |       |       |       |       |       |       |       |     1 |     1 ||     2
    Use: Scroll            |       |     8 |     7 |     1 |    15 |    16 |     7 |     6 |     7 ||    67
         Potion            |       |     1 |     1 |       |       |     2 |     3 |     8 |     6 ||    21
   Stab: Confused          |       |       |       |       |       |       |     1 |       |       ||     1
 Armour: Leather armour    |    18 |    42 |    35 |       |       |       |       |       |       ||    95
         Steam dragon scal |       |       |     2 |   103 |       |       |       |       |       ||   105
         Acid dragon scale |       |       |       |     1 |    18 |       |       |       |       ||    19
         Ring mail         |       |       |       |       |    52 |   123 |   271 |   267 |       ||   713
         Swamp dragon scal |       |       |       |       |       |   246 |       |       |   138 ||   384
         Troll leather arm |       |       |       |       |       |       |       |    63 |    57 ||   120
  Dodge: Dodged            |    26 |    55 |    76 |   203 |   163 |   811 |   865 |   894 |   550 ||  3643

Table legend: (Time is in decaauts)
 A = Elapsed time spent in this place.
 B = Non-inter-level travel time spent in this place.
 C = Inter-level travel time spent in this place.
 D = Time resting spent in this place.
 E = Time spent auto-exploring this place.
 F = Levels seen in this place.
 G = Mean time per level.
                   A        B        C        D        E       F      G
               +--------+--------+--------+--------+--------+-----+--------+
         Total |  68138 |  61155 |   6983 |  18586 |  29393 |  52 | 1310.3 |
       Dungeon |  17420 |  14935 |   2485 |   2659 |   9675 |  15 | 1161.3 |
        Temple |     15 |      1 |     14 |      0 |      0 |   1 |   15.0 |
          Lair |   5131 |   4623 |    508 |    437 |   3280 |   5 | 1026.2 |
         Swamp |   3292 |   3052 |    240 |    442 |   2018 |   4 |  823.0 |
   Spider Nest |   7073 |   6466 |    607 |   2754 |   2507 |   4 | 1768.2 |
  Orcish Mines |   1348 |   1096 |    252 |    112 |    651 |   2 |  674.0 |
   Elven Halls |   5128 |   4596 |    532 |   1936 |   1893 |   3 | 1709.3 |
        Vaults |   9472 |   8360 |   1112 |   2787 |   3838 |   4 | 2368.0 |
        Depths |  12020 |  10819 |   1201 |   4862 |   3935 |   4 | 3005.0 |
           Zot |   2561 |   2535 |     26 |    880 |   1027 |   2 | 1280.5 |
         Abyss |   2001 |   2001 |      0 |    320 |      9 |   5 |  400.2 |
        Bazaar |    210 |    210 |      0 |      0 |    165 |   1 |  210.0 |
      Ice Cave |   2103 |   2103 |      0 |   1244 |    352 |   1 | 2103.0 |
       Volcano |    357 |    357 |      0 |    150 |     40 |   1 |  357.0 |
               +--------+--------+--------+--------+--------+-----+--------+

Top non-repeatable levels by time:
Depths:2: 3846 daAuts
Depths:3: 3595 daAuts
Vaults:4: 3048 daAuts
Depths:4: 3025 daAuts
Spider:4: 2842 daAuts
Vaults:2: 2344 daAuts
   Elf:3: 2236 daAuts
Vaults:1: 2232 daAuts
   IceCv: 2103 daAuts
Vaults:3: 1846 daAuts
     D:6: 1723 daAuts
   Elf:2: 1696 daAuts
Spider:2: 1618 daAuts
 Abyss:3: 1592 daAuts
     D:4: 1592 daAuts
